 Dungeon Crawl Stone Soup version 0.28.0 (webtiles) character file.

Game seed: 1127803684880558569

5779 skewfiend the Cleaver (level 10, -6/83 HPs)
             Began as a Demonspawn Fighter on Feb 15, 2022.
             Was an Elder of Okawaru.
             Mangled by a caustic shrike zombie (16 damage)
             ... on level 2 of the Abyss.
             The game lasted 00:29:08 (9484 turns).

skewfiend the Cleaver (Demonspawn Fighter)          Turns: 9484, Time: 00:29:08

Health: -6/83      AC: 20    Str: 16    XL:     10   Next: 50%
Magic:  11/14      EV: 14    Int: 10    God:    Okawaru [****..]
Gold:   327        SH:  5    Dex: 17    Spells: 9/9 levels left

rFire   . . .      SeeInvis +   a - +1 war axe
rCold   + . .      Faith    .   c - +0 buckler
rNeg    + + +      Spirit   .   m - +7 scale mail of Wu Jian's Delight {*Slow rN+++ rCorr Stlth+}
rPois   .          Reflect  .   I - +0 helmet
rElec   .          Harm     .   U - +2 cloak {rCorr}
rCorr   +          Rampage  .   e - +1 pair of gloves
Will    .....                   (no boots)
Stlth   ++........              G - amulet of regeneration
HPRegen 1.03/turn               j - ring of see invisible
MPRegen 0.14/turn               H - ring of protection from cold

@: mighty, agile, on berserk cooldown, slowed, very slow
A: powered by pain 1, sturdy frame 1, demonic magic 1, weakness stinger 2
a: Renounce Religion, Heroism, Finesse


You were on level 2 of the Abyss.
You worshipped Okawaru.
Okawaru was greatly pleased with you.
You visited 1 branch of the dungeon, and saw 9 of its levels.
You visited the Abyss 1 time.
You also visited: Ossuary.

You collected 507 gold pieces.
You spent 180 gold pieces at shops.

Inventory:

Hand Weapons
 a - a +1 war axe (weapon)
 b - a +0 trident of venom
 s - a +0 flail of draining
Missiles
 f - 165 stones (quivered)
 o - 40 poisoned darts
 O - a boomerang
 W - 3 atropa-tipped darts
Armour
 c - a +0 buckler (worn)
 e - a +1 pair of gloves (worn)
 h - an orb of energy
 m - the +7 scale mail of Wu Jian's Delight (worn) {*Slow rN+++ rCorr Stlth+}
   (You found it on level 3 of the Dungeon)

   rN:        It renders you almost immune to negative energy.
   rCorr:     It protects you from acid and corrosion.
   *Slow:     It may slow you when you take damage.
   Stlth:     It makes you more stealthy.
 I - a +0 helmet (worn)
 P - a +2 scale mail of fire resistance
 Q - a +0 plate armour
 S - a +0 plate armour
 T - a +0 pair of boots
 U - a +2 cloak of preservation (worn)
 V - a +0 scale mail
Magical Staves
 R - a staff of cold
Jewellery
 j - a ring of see invisible (left hand)
 p - a ring of magical power
 C - an amulet of faith
 G - an amulet of regeneration (around neck)
 H - a ring of protection from cold (right hand)
Wands
 E - a wand of iceblast (3)
 J - a wand of mindburst (6)
 K - a wand of polymorph (18)
 N - a wand of digging (3)
Scrolls
 g - 4 scrolls of enchant armour
 i - 2 scrolls of enchant weapon
 l - 2 scrolls of amnesia
 n - 2 scrolls of summoning
 q - a scroll of torment
 r - 2 scrolls of fog
 w - 2 scrolls of fear
 y - a scroll of blinking
 D - 2 scrolls of vulnerability
 L - a scroll of silence
Potions
 d - 2 potions of might
 k - 3 potions of degeneration
 t - 2 potions of haste
 u - a potion of lignification
 v - 3 potions of heal wounds
 z - a potion of mutation
 A - a potion of flight
 B - a potion of cancellation
 M - a potion of invisibility
 X - a potion of brilliance {unknown}
 Y - a potion of curing


   Skills:
 + Level 9.1 Fighting
 * Level 11.2 Axes
 + Level 2.6 Throwing
 - Level 2.6 Armour
 - Level 2.6 Shields
 - Level 6.0 Invocations


You had 9 spell levels left.
You didn't know any spells.
Your spell library contained the following spells:

 Spells                   Type           Power      Damage    Failure   Level
 Frozen Ramparts          Ice            0%         1d2       98%         3
 Ice Form                 Ice/Tmut       0%         N/A       100%        4
 Chain Lightning          Conj/Air       0%         N/A       100%        9
 Fire Storm               Conj/Fire      0%         5d1       100%        9
 Shatter                  Erth           0%         3d5*      100%        9
 Summon Ice Beast         Ice/Summ       Unusable   N/A       N/A         4

Dungeon Overview and Level Annotations

Branches:
Dungeon (9/15)             Temple (0/1) D:4             Orc (0/2) D:9
Ossuary (visited)
   Lair: D:8-11

Altars:
Ashenzari
Gozag
Makhleb
Nemelex Xobeh
Okawaru
Ru
Sif Muna
Uskayaw
Xom
Zin

Shops:
D:3 [   D:8 (


Innate Abilities, Weirdness & Mutations

You sometimes gain a little power by taking damage.
Your movements are slightly less encumbered by armour. (ER -2)
Spells you cast may paralyse adjacent enemies.
You have a tail ending in a sharp stinger.


Message History

You hit the caustic shrike zombie.
Your tail-slap misses the caustic shrike zombie.
The caustic shrike zombie is heavily damaged.
You block the caustic shrike zombie's attack.
You closely miss the caustic shrike zombie.
You tail-slap the caustic shrike zombie.
The caustic shrike zombie is heavily damaged.
The caustic shrike zombie barely misses you.
You miss the caustic shrike zombie.
The caustic shrike zombie is heavily damaged.
The caustic shrike zombie misses you.
You block the caustic shrike zombie's attack.
You miss the caustic shrike zombie.
The caustic shrike zombie is heavily damaged.
The caustic shrike zombie claws you but does no damage.
You slash the caustic shrike zombie!
The caustic shrike zombie is severely damaged.
The caustic shrike zombie barely misses you.
A starcursed mass comes into view.
You completely miss the caustic shrike zombie.
The caustic shrike zombie is severely damaged.
The caustic shrike zombie claws you!
A starcursed mass splits.
You slash the caustic shrike zombie!
The caustic shrike zombie is severely damaged.
The caustic shrike zombie claws you but does no damage.
You slash the caustic shrike zombie!
Your tail-slap misses the caustic shrike zombie.
The caustic shrike zombie is severely damaged.
You are no longer berserk.
You are exhausted.
You feel yourself slow down.
The caustic shrike zombie closely misses you.
The caustic shrike zombie claws you!!
* * * LOW HITPOINT WARNING * * *
You focus on the pain.
You feel agile all of a sudden.
You closely miss the caustic shrike zombie.
The caustic shrike zombie is severely damaged.
The caustic shrike zombie claws you!
You die...

..............
##.............
.........#.#..
............# .
............#..
..............#
#..........#
.#@...#
#.#Z..##
###....## #.
.#.># .
##.....X# .. ##
.....#X..... #
......... . .
#..........# #
....#.. .


You could see 2 starcursed masses and a caustic shrike zombie.

Vanquished Creatures
  A two-headed ogre (D:8)
  A hornet (D:9)
  Sigmund (D:6)
  A steam dragon (D:8)
  3 water moccasins (D:7)
  2 ice beasts
  2 sky beasts
  4 orc warriors
  A black bear (D:8)
  5 boggarts (D:9)
  2 necrophages
  An ogre (D:6)
  2 centaurs
  A phantom (D:5)
  2 kobold brigands
  2 bullfrogs
  10 scorpions
  A gnoll sergeant (D:9)
  3 killer bees (D:9)
  5 wights (D:7)
  3 howler monkeys (D:8)
  A crimson imp (D:7)
  2 centaur zombies (Ossuary)
  A human zombie (Ossuary)
  A bullfrog skeleton (D:5)
  3 hounds
  A jelly (D:7)
  4 orc priests
  2 gnoll shamans
  4 iguanas
  5 orc wizards
  8 scorpion zombies (Ossuary)
  2 killer bee zombies
  A hound skeleton (D:4)
  3 mummies (Ossuary)
  15 gnolls
  6 adders
  2 white imps
  An adder skeleton (D:2)
  3 worms
  2 dart slugs
  33 orcs
  5 endoplasms
  7 giant cockroaches
  4 gnoll zombies (Ossuary)
  6 goblins
  A hobgoblin (D:1)
  4 jackals (D:2)
  5 quokkas
  5 ball pythons
  3 bats
  4 frilled lizards
  2 goblin zombies (Ossuary)
  3 hobgoblin zombies (Ossuary)
  A jackal skeleton (D:2)
  23 kobolds
  2 kobold zombies (Ossuary)
  An orc zombie (Ossuary)
  3 rats
232 creatures vanquished.

Notes
Turn   | Place    | Note
-------+----------+-------------------------------------------
     0 | D:1      | skewfiend the Demonspawn Fighter began the quest for the
                  | Orb.
     0 | D:1      | Reached XP level 1. HP: 18/18 MP: 1/1
   116 | D:1      | Reached skill level 2 in Axes
   162 | D:1      | Gained mutation: You have a small tail. [demonic ancestry]
   162 | D:1      | Reached XP level 2. HP: 16/24 MP: 2/2
   912 | D:2      | Found a faded altar of an unknown god.
   938 | D:2      | Prayed at the altar of an unknown god.
   938 | D:2      | Became a worshipper of Warmaster Okawaru
   938 | D:2      | Reached * piety under Okawaru
   972 | D:2      | Gained mutation: You have a tail ending in a sharp stinger.
                  | [demonic ancestry]
   972 | D:2      | Reached XP level 3. HP: 25/29 MP: 3/3
  1273 | D:2      | Reached skill level 3 in Axes
  1326 | D:2      | Reached skill level 1 in Invocations
  1449 | D:3      | Identified the +7 scale mail of Wu Jian's Delight {*Slow
                  | rN+++ rCorr Stlth+}
  1848 | D:3      | Found Hyngurynk's Antique Armour Shoppe.
  2024 | D:3      | Gained mutation: Your movements are slightly less
                  | encumbered by armour. (ER -2) [demonic ancestry]
  2024 | D:3      | Reached XP level 4. HP: 37/37 MP: 3/5
  2285 | D:3      | Found a broken altar of Ashenzari.
  2384 | D:3      | Reached XP level 5. HP: 42/42 MP: 6/6
  2702 | D:4      | Reached skill level 4 in Axes
  2733 | D:4      | Noticed a necrophage
  2759 | D:4      | Killed a necrophage
  2760 | D:4      | Gained mutation: Spells you cast may paralyse adjacent
                  | enemies. [demonic ancestry]
  2760 | D:4      | Reached XP level 6. HP: 45/49 MP: 6/8
  3172 | D:4      | Found a staircase to the Ecumenical Temple.
  3457 | D:4      | Found a sacrificial altar of Ru.
  3460 | D:4      | Reached ** piety under Okawaru
  3461 | D:4      | Reached skill level 5 in Axes
  3621 | D:4      | Reached XP level 7. HP: 55/55 MP: 8/10
  4232 | D:5      | Entered Level 5 of the Dungeon
  4278 | D:5      | Reached skill level 5 in Fighting
  4398 | D:5      | Found an opulent altar of Gozag.
  4488 | D:5      | Found a sand-covered staircase.
  4502 | Ossuary  | Entered an ossuary
  4522 | Ossuary  | Reached skill level 5 in Invocations
  4541 | Ossuary  | Reached skill level 6 in Axes
  4648 | Ossuary  | Gained mutation: You sometimes gain a little power by
                  | taking damage. [demonic ancestry]
  4648 | Ossuary  | Reached XP level 8. HP: 39/63 MP: 12/12
  4966 | Ossuary  | Reached skill level 7 in Axes
  5182 | Ossuary  | Reached *** piety under Okawaru
  6174 | D:6      | Noticed Sigmund
  6190 | D:6      | Reached skill level 8 in Axes
  6194 | D:6      | Killed Sigmund
  6195 | D:6      | Reached XP level 9. HP: 71/71 MP: 13/13
  6209 | D:6      | Identified the +0 leather armour of Haunted Brilliance
                  | {Str+5 Stlth+}
  6767 | D:7      | Reached skill level 9 in Axes
  7112 | D:7      | Found a sparkling altar of Nemelex Xobeh.
  7159 | D:7      | Found a shimmering altar of Xom.
  7160 | D:7      | Found a burning altar of Makhleb.
  7261 | D:8      | Reached **** piety under Okawaru
  7262 | D:8      | Reached skill level 10 in Axes
  7621 | D:8      | Found a hide-covered altar of Uskayaw.
  7669 | D:8      | Reached XP level 10. HP: 82/82 MP: 14/14
  7911 | D:8      | Noticed a two-headed ogre
  7941 | D:8      | Killed a two-headed ogre
  7942 | D:8      | Reached skill level 1 in Throwing
  8074 | D:8      | Found Bisolaru's Weapon Emporium.
  8218 | D:5      | Found a shimmering blue altar of Sif Muna.
  8332 | D:9      | Paralysed by a hornet for 1 turns
  8510 | D:9      | Found a staircase to the Orcish Mines.
  8773 | D:3      | Bought a runed cloak for 180 gold pieces
  9178 | D:9      | Reached skill level 11 in Axes
  9306 | D:9      | Noticed a two-headed ogre
  9307 | D:9      | Noticed a boulder beetle
  9426 | D:9      | Noticed a wizard
  9431 | D:9      | Cast into level 2 of the Abyss (a wizard)
  9454 | Abyss:2  | Noticed a caustic shrike zombie
  9480 | Abyss:2  | Noticed a starcursed mass
  9484 | Abyss:2  | Mangled by a caustic shrike zombie

Illustrated notes

Levels and vault maps discovered:
D:1:      lightli_arrival_quake, layout_basic, serial_park_tiny_1,
          minmay_strange_pillars, minivault_19, minmay_box_of_dots
D:2:      layout_basic, serial_undead, serial_undead_f, serial_undead_a,
          serial_undead_a, serial_undead_c, basic_ecumenical_altar
D:3:      layout_loops_corners, nicolae_ashenzari_panopticon, serial_shops, shop
D:4:      layout_layer_cave, nicolae_ru_great_annihilating_truth,
          minmay_temple_entry_statues_fountains, serial_glass, glass_columns_b,
          glass_columns_a, glass_columns_a, glass_columns_c, glass_columns_a,
          glass_columns_b, glass_columns_a, glass_columns_c
D:5:      layout_loops_ring, lemuel_tele_altar, nicolae_overflow_hidden_temple,
          nicolae_ossuary_entry_ruins
D:6:      layout_cave_pools, uniq_sigmund
D:7:      layout_rooms, grunt_temple_overflow_champion_of_chaos,
          nemelex_spade_bored_becter
D:8:      layout_loops_ring, mainiacjoe_overflow_surrounded_room, serial_shops,
          shop
D:9:      layout_irregular_city, mainiacjoe_overflow_alcove_2,
          lemuel_coloured_pillars_altar, david_orc_2, serial_column_ruins,
          column_ruins_hut_pillars, column_ruins_columns_straight,
          column_ruins_grid_1, column_ruins_open_small, column_ruins_open_large,
          column_ruins_grid_2, column_ruins_grid_1, laboratory
Abyss:2:  base: D:7, onia_ninara_dug_in_and_dangerous

Skill      XL: |  1  2  3  4  5  6  7  8  9 10 |
---------------+-------------------------------+-----
Axes           | 2 3 4 5 6 8 10 11 | 11.2
Invocations    | 1 2 3 4 5 6 |  6.0
Fighting       | 4 5 6 8 9 |  9.1
Throwing       | 2 |  2.6
Armour         | |  2.6
Shields        | |  2.6

Action                   |  1- 3 |  4- 6 |  7- 9 | 10-12 || total
-------------------------+-------+-------+-------+-------++-------
Melee: War axe           |   105 |   119 |   382 |   142 ||   748
       Tailslap          |    10 |    16 |    58 |    22 ||   106
       Unarmed           |       |       |       |    15 ||    15
       Trident           |       |       |       |     3 ||     3
Throw: Stone             |     9 |     4 |       |    17 ||    30
       Dart              |       |       |       |    10 ||    10
       Boomerang         |       |       |       |     8 ||     8
Invok: Heroism           |       |     6 |    13 |     6 ||    25
       Finesse           |       |       |       |     2 ||     2
Evoke: Wand              |       |       |       |     3 ||     3
  Use: Potion            |       |     1 |     2 |     5 ||     8
       Scroll            |       |       |     9 |     7 ||    16
 Stab: Sleeping          |       |     3 |     2 |     1 ||     6
       Paralysed         |       |     1 |       |       ||     1
Armor: Scale mail        |    54 |    73 |   213 |    61 ||   401
       Skin              |       |       |       |     8 ||     8
Dodge: Dodged            |    38 |    61 |   149 |    65 ||   313
Block: Buckler           |    33 |    39 |   100 |    36 ||   208
